 Dungeon Crawl Stone Soup version 0.28-a0-706-gf6f64a616a (webtiles) character file.

Game seed: 6293901055617246380

4828 ryw the Nimble (level 10, -14/79 HPs)
             Began as a Demonspawn Gladiator on Oct 25, 2021.
             Was a Follower of Kikubaaqudgha.
             Demolished by a white ugly thing (30 damage)
             ... on level 7 of the Dungeon.
             The game lasted 00:29:02 (7408 turns).

ryw the Nimble (Demonspawn Gladiator)               Turns: 7408, Time: 00:29:03

Health: -14/79     AC: 15    Str: 15    XL:     10   Next: 25%
Magic:  16/16      EV: 15    Int: 13    God:    Kikubaaqudgha [*.....]
Gold:   310        SH:  4    Dex: 14    Spells: 13/17 levels left

rFire   . . .      SeeInvis +   n - +2 whip (pain)
rCold   . . .      Faith    .   (no shield)
rNeg    . . .      Spirit   .   a - +0 leather armour
rPois   +          Reflect  .   l - +0 helmet
rElec   .          Harm     .   m - +2 cloak
rCorr   .          Rampage  .   g - +2 pair of gloves
Will    +....                   (no boots)
Stlth   +.........              b - amulet of regeneration
HPRegen 1.23/turn               s - ring of willpower
MPRegen 0.15/turn               (no ring)

@: no status effects
A: hooves 1, slimy green scales 3, demonic guardian 1, condensation shield, see
invisible
a: Renounce Religion, Receive Corpses


You were on level 7 of the Dungeon.
You worshipped Kikubaaqudgha.
Kikubaaqudgha was aware of your devotion.
You visited 2 branches of the dungeon, and saw 9 of its levels.

You collected 310 gold pieces.

Inventory:

Hand Weapons
 n - a +2 whip of pain (weapon)
Missiles
 c - 3 throwing nets
 d - 6 boomerangs
 e - 31 poisoned darts (quivered)
 f - a curare-tipped dart
Armour
 a - a +0 leather armour (worn)
 g - a +2 pair of gloves (worn)
 l - a +0 helmet (worn)
 m - a +2 cloak (worn)
Jewellery
 b - an amulet of regeneration (around neck)
 s - a ring of willpower (left hand)
 y - an amulet of reflection
Wands
 k - a wand of paralysis (11)
 z - a wand of iceblast (14)
Scrolls
 w - a scroll of fog {unknown}
 x - 2 scrolls of teleportation
 B - a scroll of identify
Potions
 h - 2 potions of lignification
 i - a potion of degeneration {unknown}
 j - a potion of might {unknown}
 o - a potion of resistance
 p - a potion of brilliance {unknown}
 q - 2 potions of mutation
 r - a potion of haste {unknown}
 t - 2 potions of curing {unknown}
 u - a potion of invisibility
 v - a potion of heal wounds {unknown}
 A - a potion of magic {unknown}


   Skills:
 - Level 7.2 Fighting
 - Level 1.7 Throwing
 - Level 5.0 Armour
 + Level 8.2 Dodging
 - Level 2.6 Unarmed Combat
 + Level 4.2 Spellcasting
 + Level 8.0 Necromancy


You had 13 spell levels left.
You knew the following spells:

 Your Spells              Type           Power      Damage    Failure   Level
a - Animate Skeleton      Necr           46%        N/A       1%          1
b - Vampiric Draining     Necr           11%        2d7       2%          3

Your spell library contained the following spells:

 Spells                   Type           Power      Damage    Failure   Level
 Pain                     Necr           92%        1d8       1%          1
 Sublimation of Blood     Necr           11%        N/A       1%          2
 Corpse Rot               Necr/Air       26%        N/A       7%          2
 Apportation              Tloc           4%         N/A       24%         1
 Summon Small Mammal      Summ           8%         N/A       24%         1


Dungeon Overview and Level Annotations

Branches:
Dungeon (8/15)             Temple (1/1) D:4
   Lair: D:8-11

Altars:
Ashenzari
Cheibriados
Dithmenos
Elyvilon
Fedhas
Hepliaklqana
Kikubaaqudgha
Makhleb
Nemelex Xobeh
Okawaru
Qazlal
Ru
Sif Muna
Trog
Uskayaw
Vehumet
Wu Jian
Xom
Yredelemnul
Zin
The Shining One

Shops:
D:3 =   D:7 *

Annotations:
D:8 Harold


Innate Abilities, Weirdness & Mutations

You have large cloven feet.
You are completely covered in slimy green scales. (AC +4, rPois)
A weak demonic guardian rushes to your aid.
A meltable shield of frost defends you. (SH +4)
You have supernaturally acute eyesight. (SInv)


Message History

You hit the white ugly thing.
The white ugly thing writhes in agony!
You kick the white ugly thing, but do no damage.
The white ugly thing is severely wounded.
Your orc skeleton barely misses the white ugly thing.
The white ugly thing misses you.
You barely miss the white ugly thing.
The white ugly thing is severely wounded.
Your orc skeleton closely misses the white ugly thing.
The white ugly thing barely misses you.
You hit the white ugly thing.
The white ugly thing writhes in agony.
The white ugly thing is severely wounded.
Your orc skeleton barely misses the white ugly thing.
The white ugly thing claws you! The white ugly thing freezes you!!
* * * LOW HITPOINT WARNING * * *
Unknown command.
Your orc skeleton hits the white ugly thing with a +0 dagger.
Your orc skeleton barely misses the white ugly thing.
Your orc skeleton barely misses the white ugly thing.
Your orc skeleton hits the white ugly thing but does no damage.
The white ugly thing claws you!
* * * LOW HITPOINT WARNING * * *
A demonic guardian appears!
The white ugly thing freezes you!
* * * LOW HITPOINT WARNING * * *
Unknown command.
Your ufetubus hits the white ugly thing.
Your ufetubus hits the white ugly thing but does no damage.
Your ufetubus misses the white ugly thing.
Your ufetubus barely misses the white ugly thing.
The white ugly thing claws your ufetubus.
The white ugly thing freezes your ufetubus!
Your ufetubus resists.
Your ufetubus dies!
Your ufetubus disappears in a puff of smoke!
You hit the white ugly thing.
The white ugly thing writhes in agony.
The white ugly thing is almost dead.
The white ugly thing claws you.
* * * LOW HITPOINT WARNING * * *
The white ugly thing freezes you!!
You die...
Kikubaaqudgha rasps: "You have failed me!
Welcome... death!"

........................>#.......
.............................##.#
...........#.#..#.#..#.Z.........
...........#.#..#..........#)##..
..#.............#)#..##..###.##.#
...........#.#..#)#......ยง.......
..#..#..........#[#..##..###.####
...................Z.......#.#
..#.##..#..#....@u.......#.#.#
..#.##..#..#.#..###..###.#.#.#
#.#.##..#....#..# ##.......#.#
#.#.......#..#..# #####...#.####
#.#.##..#.#..<..# #.........
###.##..#.##.#..# ####...#.####
###.##..#.......#####............
................................#
#######.#.###....####.#......##.#


You could see a white ugly thing (ally target) and a friendly orc skeleton.

Vanquished Creatures
  Psyche (D:7)
  A troll (D:8)
  A wyvern (D:8)
  A steam dragon (D:7)
  2 vampire mosquitoes (D:6)
  2 water moccasins
  A black bear (D:5)
  A sky beast (D:7)
  3 ice beasts
  An orc warrior (D:6)
  A hornet zombie (D:7)
  2 ogres
  A necrophage (D:6)
  A centaur (D:8)
  A kobold brigand (D:7)
  3 bullfrogs
  A gnoll sergeant (D:7)
  3 scorpions
  A water moccasin zombie (D:6)
  2 wyvern skeletons (D:5)
  A water moccasin skeleton (D:5)
  3 killer bees (D:7)
  2 orc priests
  A centaur skeleton (D:6)
  Terence (D:3)
  4 orc wizards
  A killer bee zombie (D:7)
  2 hound skeletons
  Robin (D:2)
  3 gnolls (D:7)
  2 adders
  A shadow imp (D:8)
  A white imp (D:7)
  An ufetubus (D:5)
  A worm (D:2)
  A dart slug (D:3)
  21 orcs
  4 bats
  5 endoplasms
  2 giant cockroaches (D:2)
  16 goblins
  7 hobgoblins
  7 jackals
  2 quokkas
  5 ball pythons
  2 frilled lizards
  9 kobolds
  4 rats
140 creatures vanquished.

Vanquished Creatures (collateral kills)
  A two-headed ogre (D:7)
  The ghost of pdpol the Fighter, a novice HOAK of Lugonu (D:6)
  An ice beast (D:7)
  An ogre (D:6)
  A jelly (D:6)
  An orc wizard (D:5)
  An orc (D:3)
  A hobgoblin (D:2)
8 creatures vanquished.

Vanquished Creatures (others)
  A kobold (D:7)
1 creature vanquished.

Grand Total: 149 creatures vanquished

Notes
Turn   | Place    | Note
-------+----------+-------------------------------------------
     0 | D:1      | ryw the Demonspawn Gladiator began the quest for the Orb.
     0 | D:1      | Reached XP level 1. HP: 16/16 MP: 1/1
   270 | D:1      | Found a faded altar of an unknown god.
   323 | D:1      | Gained mutation: A weak demonic guardian rushes to your
                  | aid. [demonic ancestry]
   323 | D:1      | Reached XP level 2. HP: 18/23 MP: 2/2
  1168 | D:2      | Noticed Robin
  1230 | D:2      | Gained mutation: You have large cloven feet. [demonic
                  | ancestry]
  1230 | D:2      | Reached XP level 3. HP: 24/28 MP: 3/3
  1277 | D:2      | Killed Robin
  2035 | D:2      | Gained mutation: You are partially covered in slimy green
                  | scales. (AC +2) [demonic ancestry]
  2035 | D:2      | Reached XP level 4. HP: 35/35 MP: 4/4
  2667 | D:3      | Noticed Terence
  2678 | D:3      | Killed Terence
  3015 | D:3      | Reached skill level 1 in Necromancy
  3054 | D:3      | Found Ocochap's Jewellery Shop.
  3227 | D:4      | Gained mutation: You possess an exceptional clarity of
                  | mind. [potion of mutation]
  3227 | D:4      | Gained mutation: You have a pair of small antennae on your
                  | head. [potion of mutation]
  3227 | D:4      | Gained mutation: You are frail. (-10% HP) [potion of
                  | mutation]
  3228 | D:4      | Lost mutation: You have a pair of small antennae on your
                  | head. [potion of mutation]
  3228 | D:4      | Lost mutation: You are frail. (-10% HP) [potion of
                  | mutation]
  3228 | D:4      | Lost mutation: You possess an exceptional clarity of mind.
                  | [potion of mutation]
  3228 | D:4      | Gained mutation: You have supernaturally acute eyesight.
                  | (SInv) [potion of mutation]
  3316 | D:4      | Noticed an ogre
  3346 | D:4      | Killed an ogre
  3347 | D:4      | Reached XP level 5. HP: 37/42 MP: 5/5
  3425 | D:4      | Found a staircase to the Ecumenical Temple.
  3462 | D:4      | You fall into a shaft and drop 1 floor!
  3462 | D:5      | Entered Level 5 of the Dungeon
  3462 | D:5      | Noticed a black bear
  3473 | D:5      | Killed a black bear
  3474 | D:5      | Reached XP level 6. HP: 45/49 MP: 6/6
  3777 | Temple   | Entered the Ecumenical Temple
  3900 | Temple   | Became a worshipper of Kikubaaqudgha
  4225 | D:5      | Reached skill level 5 in Fighting
  4225 | D:5      | Reached skill level 5 in Dodging
  4225 | D:5      | Gained mutation: You are mostly covered in slimy green
                  | scales. (AC +3) [demonic ancestry]
  4225 | D:5      | Reached XP level 7. HP: 32/56 MP: 7/7
  4249 | D:5      | Found a radiant altar of Vehumet.
  4252 | D:5      | Learned a level 1 spell: Animate Skeleton
  4657 | D:6      | Reached skill level 1 in Armour
  4944 | D:6      | Reached XP level 8. HP: 64/64 MP: 8/8
  5146 | D:6      | Noticed pdpol's ghost (novice HOAK)
  5149 | D:6      | Found a runed translucent door.
  5254 | D:6      | Found a hide-covered altar of Uskayaw.
  5257 | D:6      | Found a stormy altar of Qazlal.
  5270 | D:6      | Reached skill level 5 in Necromancy
  5541 | D:6      | Killed pdpol's ghost
  5542 | D:6      | Gained mutation: A meltable shield of frost defends you.
                  | (SH +4) [demonic ancestry]
  5542 | D:6      | Reached XP level 9. HP: 71/71 MP: 9/9
  5873 | D:6      | Reached * piety under Kikubaaqudgha
  5873 | D:6      | Received a gift from Kikubaaqudgha
  5881 | D:6      | Learned a level 3 spell: Vampiric Draining
  5962 | D:7      | Noticed a two-headed ogre
  6033 | D:7      | Killed a two-headed ogre
  6034 | D:7      | Reached skill level 5 in Armour
  6282 | D:7      | Found Fibiur's Neck Hole.
  7065 | D:7      | Gained mutation: You are completely covered in slimy green
                  | scales. (AC +4, rPois) [demonic ancestry]
  7065 | D:7      | Reached XP level 10. HP: 79/79 MP: 15/15
  7189 | D:8      | Noticed a white ugly thing
  7190 | D:8      | Noticed a centaur warrior
  7208 | D:8      | Noticed Harold
  7280 | D:8      | Noticed Psyche
  7292 | D:7      | Killed Psyche
  7408 | D:7      | Demolished by a white ugly thing

Illustrated notes

Levels and vault maps discovered:
D:1:      minmay_arrival_arboretum_small, layout_rooms,
          ebering_ecumenical_altar_abandoned
D:2:      layout_loops_corners, uniq_robin
D:3:      layout_basic, serial_shops, shop, uniq_terence
D:4:      layout_basic, minmay_temple_entry_grid
D:5:      layout_rooms, mainiacjoe_overflow_tiny_flanked
D:6:      layout_basic, grunt_temple_overflow_open,
          hellmonk_ghost_happy_afterlife, minmay_misc_feat_rows,
          minmay_misc_feat_diagonals, nrook_campfire, grunt_ministairs_10
D:7:      layout_basic, nicolae_shop_sticking_my_neck_out
D:8:      cheibrodos_fzero, layout_loops_cross, dpeg_oklobed_lair,
          ebering_ghost_disaster_area, st_stairs_12, uniq_harold, uniq_psyche
Temple:   compressed_dpeg_circular_temple

Skill      XL: |  1  2  3  4  5  6  7  8  9 10 |
---------------+-------------------------------+-----
Dodging        | 3 4 5 6 7 8 |  8.2
Fighting       | 3 4 5 6 7 |  7.2
Necromancy     | 2 3 4 6 7 8 |  8.0
Armour         | 2 3 5 |  5.0
Spellcasting   | 3 4 |  4.2
Throwing       | |  1.7
Unarmed Combat | |  2.6

Action                   |  1- 3 |  4- 6 |  7- 9 | 10-12 || total
-------------------------+-------+-------+-------+-------++-------
Melee: Unarmed           |   172 |    28 |       |       ||   200
       Punch             |     1 |     2 |     6 |       ||     9
       Kick              |    19 |    42 |    97 |    21 ||   179
       Whip              |       |   142 |   359 |    77 ||   578
Throw: Dart              |       |     9 |     5 |       ||    14
 Cast: Animate Skeleton  |       |       |     2 |     2 ||     4
Invok: Receive Corpses   |       |       |       |     1 ||     1
  Use: Scroll            |       |     6 |    10 |       ||    16
       Potion            |       |     3 |       |       ||     3
Armor: Leather armour    |    44 |    57 |   192 |    37 ||   330
Dodge: Dodged            |   107 |   126 |   314 |    84 ||   631
Block: Other             |       |       |    43 |    19 ||    62

Table legend: (Time is in decaauts)
 A = Elapsed time spent in this place.
 B = Non-inter-level travel time spent in this place.
 C = Inter-level travel time spent in this place.
 D = Time resting spent in this place.
 E = Time spent auto-exploring this place.
 F = Levels seen in this place.
 G = Mean time per level.
                   A        B        C        D        E       F      G
               +--------+--------+--------+--------+--------+-----+--------+
         Total |   7490 |   7178 |    312 |    882 |   4224 |   9 |  832.2 |
       Dungeon |   7338 |   7053 |    285 |    882 |   4224 |   8 |  917.2 |
        Temple |    151 |    124 |     27 |      0 |      0 |   1 |  151.0 |
               +--------+--------+--------+--------+--------+-----+--------+

Top non-repeatable levels by time:
     D:1: 1453 daAuts
     D:7: 1431 daAuts
     D:2: 1203 daAuts
     D:6: 1180 daAuts
     D:5: 715 daAuts
     D:4: 628 daAuts
     D:3: 568 daAuts
     D:8: 157 daAuts
  Temple: 151 daAuts
